Map: Abiogenesis LE

Players

Subwayeatn

  • Race: Zerg Zerg
  • League: Platinum

A.I. 1 (Very Easy) - Winner!

  • Race: Zerg Zerg

VOD

Have the link to the VOD?

Description

Time

  • Played on: Nov. 7, 2023, 2:55 p.m.
  • Length: 35:50
Show
View Real Time Build Order
Export as new Build Order

Subwayeatn Zerg 

Build Orders: Hatch First 

Get SALT Encoding   

  12  0:00  Drone  
  13  0:14  Overlord  
  13  0:28  Drone  
  14  0:33  Drone x2  
  16  0:50  Hatchery  
  15  1:00  Drone x2  
  15  1:01  Drone  
  18  1:13  Extractor  
  18  1:17  Spawning Pool  
  16  1:20  Drone  
  16  1:24  Drone  
  18  1:34  Drone  
  19  1:46  Drone  
  20  2:04  Queen  
  20  2:05  Queen  
  24  2:12  Zergling x4  
  24  2:14  Overlord  
  26  2:19  Metabolic Boost  
  26  2:24  Drone x2  
  28  2:36  Drone  
  31  2:37  Drone x2  
  31  2:54  Queen  
  31  2:57  Drone x3, Overlord  
  36  3:07  Drone, Baneling Nest  
  36  3:10  Overlord  
  36  3:15  Queen  
  38  3:24  Overlord  
  38  3:25  Drone  
  38  3:26  Drone x3  
  42  4:10  Overlord  
  42  4:14  Extractor  
  42  4:15  Drone x2  
  42  4:16  Drone  
  42  4:17  Drone x2  
  46  4:19  Drone  
  46  4:20  Drone  
  48  4:36  Drone x3  
  51  4:39  Drone x2  
  51  4:43  Extractor x2, Drone  
  52  4:51  Lair  
  52  4:58  Evolution Chamber x2, Hatchery  
  49  5:24  Zerg Melee Weapons Level 1, Zerg Missile Weapons Level 1  
  49  5:29  Drone x3  
  49  5:30  Drone x3  
  49  5:32  Drone x2  
  57  5:45  Extractor  
  57  5:48  Extractor  
  57  5:49  Overseer  
  55  5:52  Drone  
  55  5:53  Drone x2  
  58  5:57  Spore Crawler  
  58  6:00  Pneumatized Carapace  
  58  6:01  Spore Crawler, Burrow  
  56  6:13  Spore Crawler  
  56  6:17  Zergling x2  
  56  6:18  Zergling x26  
  69  6:23  Queen  
  69  6:25  Spore Crawler, Overlord x2  
  70  6:42  Queen  
  70  6:44  Baneling  
  70  6:45  Baneling x17  
  72  6:57  Overlord  
  72  6:59  Drone x10, Queen  
  84  7:12  Queen  
  86  7:29  Drone x3  
  90  7:30  Drone x9  
  90  7:34  Overlord  
  90  7:36  Extractor, Hatchery  
  96  7:45  Drone x2  
  96  7:48  Overlord x2  
  98  7:56  Drone x2  
  100  8:00  Zerg Melee Weapons Level 2  
  100  8:01  Zerg Missile Weapons Level 2, Hydralisk Den  
  100  8:02  Spire  
  98  8:43  Drone  
  98  8:44  Drone  
  98  8:45  Drone x2  
  102  8:52  Spore Crawler  
  101  8:56  Spore Crawler  
  100  9:04  Queen  
  102  9:10  Spore Crawler  
  102  9:12  Spore Crawler  
  100  10:17  Zerg Ground Armor Level 1  
  100  11:07  Overlord  
  100  11:20  Drone  
  100  11:21  Drone x4  
  100  11:22  Drone  
  106  11:26  Drone x3, Extractor  
  106  11:42  Drone x3  
  108  12:23  Drone  
  108  12:24  Drone x2  
  108  12:25  Drone x3  
  114  13:01  Extractor x2, Hatchery  
  111  13:08  Extractor, Hatchery  
  111  13:12  Extractor  
  108  13:38  Zerg Ground Armor Level 2  
  108  13:45  Infestation Pit  
  107  13:53  Drone x3  
  107  13:54  Drone x12  
  122  13:55  Drone  
  122  14:02  Drone x3  
  126  14:03  Drone x3  
  124  16:47  Overlord  
  124  16:48  Overlord  
  124  16:49  Overlord  
  124  16:50  Overlord  
  124  16:52  Zergling x4  
  126  16:54  Zergling x2  
  126  16:55  Zergling x2  
  126  16:57  Zergling x4  
  126  16:58  Zergling x2  
  126  16:59  Zergling x2  
  126  17:00  Zergling x2  
  130  18:20  Drone  
  130  18:23  Drone x2  
  130  18:25  Drone x3  
  130  18:26  Drone  
  130  18:27  Drone x2  
  139  19:15  Extractor x2, Hatchery  
  136  19:21  Hatchery  
  136  19:22  Extractor x2  
  133  19:30  Hatchery  
  132  19:34  Extractor x2  
  130  20:32  Zergling x10  
  130  20:33  Zergling x62  
  130  20:34  Zergling x4  
  157  22:44  Hive  
  157  23:00  Corruptor  
  157  23:01  Corruptor x15  
  157  23:04  Overlord x2  
  157  23:05  Overlord x6  
  189  23:06  Overlord x16  
  189  23:07  Overlord x17  
  188  24:30  Overseer  
  188  24:31  Overseer x15  
  188  24:32  Overseer x25  
  188  24:34  Overlord x6  
  188  24:35  Overlord x30  
  188  24:36  Overlord x14  
  188  24:42  Corruptor  
  188  24:43  Corruptor x5  
  200  25:25  Overseer x12  
  200  25:26  Overseer x17  
  200  25:29  Overseer x10  
  200  25:30  Overseer  
  200  25:31  Overseer x10  
  198  26:09  Zerg Flyer Weapons Level 1  
  198  26:10  Grooved Spines  
  198  26:11  Adrenal Glands  
  198  26:12  Zerg Melee Weapons Level 3  
  198  26:17  Zerg Missile Weapons Level 3  
  198  26:42  Zergling x2  
  199  27:00  Muscular Augments  
  199  28:03  Zerg Flyer Armor Level 1  
  196  28:54  Zerg Ground Armor Level 3  
  196  30:32  Overlord x3  
  196  30:33  Overlord x28  
  196  30:34  Overlord x16  
  196  30:38  Zergling x4  
  196  30:39  Zergling x2  
  198  33:02  Spine Crawler  
  198  33:03  Spine Crawler x2  
  198  33:04  Spine Crawler x2  
  198  33:05  Spine Crawler x4  
  188  33:06  Spine Crawler x6  
  188  33:07  Spine Crawler  
  188  33:08  Spine Crawler x4  
  188  33:09  Spine Crawler x2  
  173  33:13  Spine Crawler x2  
  173  33:14  Spine Crawler  
  173  33:15  Spine Crawler  
  173  33:17  Spine Crawler  
  173  33:18  Spine Crawler x3  
  173  33:19  Spine Crawler x2  
  159  33:20  Spine Crawler x6  
  159  33:21  Spine Crawler x5  
  159  33:24  Spine Crawler  
  159  33:25  Spine Crawler  
  145  33:29  Spine Crawler  
  142  34:04  Spine Crawler  
  142  34:08  Spine Crawler x4  
  135  34:10  Spine Crawler  
  135  34:11  Spine Crawler  
  135  34:12  Spine Crawler x2  
  135  34:14  Spine Crawler  
  130  34:30  Spine Crawler x2  
  128  35:12  Spine Crawler  
  128  35:13  Spine Crawler  
  126  35:14  Spine Crawler x3  
  126  35:15  Spine Crawler  
  126  35:17  Spine Crawler x3  
  126  35:18  Spine Crawler x2  
  126  35:21  Spine Crawler  
Show
View Real Time Build Order
Export as new Build Order

A.I. 1 (Very Easy) Zerg - Winner!

Build Orders: Pool First 

Get SALT Encoding   

  12  0:01  Drone  
  13  0:12  Overlord  
  13  0:17  Drone  
  14  0:35  Spawning Pool  
  13  0:37  Drone  
  13  0:41  Extractor  
  13  0:44  Drone  
  14  0:51  Overlord  
  14  1:21  Queen  
  14  1:22  Zergling x2  
  17  1:30  Roach Warren  
  17  1:31  Drone  
  17  1:36  Extractor  
  16  1:40  Drone  
  16  1:42  Zergling x2  
  19  1:54  Drone  
  19  2:03  Zergling x2  
  19  2:05  Drone  
  22  2:15  Drone  
  22  2:26  Drone  
  22  2:28  Overlord  
  23  2:33  Drone  
  24  2:40  Drone  
  25  6:03  Drone, Roach  
  25  6:04  Lair, Overlord  
  28  6:10  Drone  
  29  6:18  Drone  
  30  6:25  Drone  
  31  6:33  Drone  
  29  6:40  Drone  
  29  6:43  Roach  
  32  7:01  Overseer x2  
  32  7:19  Hatchery  
  31  7:23  Roach  
  33  8:11  Overseer, Overlord  
  33  8:32  Drone  
  34  8:37  Extractor  
  34  8:39  Drone  
  34  8:44  Extractor  
  34  8:46  Drone  
  34  8:54  Drone  
  35  9:01  Drone  
  36  9:08  Drone  
  37  9:15  Drone  
  38  9:22  Drone  
  39  9:29  Drone  
  40  9:36  Drone  
  41  9:44  Drone  
  42  9:51  Drone  
  43  9:57  Overseer, Overlord  
  43  10:16  Drone  
  44  10:23  Drone  
  44  10:24  Overlord  
  45  10:30  Drone  
  46  10:38  Drone  
  47  10:45  Drone  
  48  11:15  Pneumatized Carapace  
  48  11:16  Zergling x2, Overlord  
  48  11:17  Hydralisk Den  
  48  11:19  Drone  
  49  11:40  Infestation Pit, Roach  
  49  11:41  Drone  
  45  11:50  Overseer  
  45  12:03  Roach  
  47  12:26  Roach  
  49  12:47  Hydralisk  
  51  13:10  Hydralisk  
  53  13:32  Infestor  
  55  14:37  Hatchery  
  55  15:50  Drone  
  55  16:00  Extractor  
  55  16:01  Drone  
  55  16:03  Extractor  
  54  16:08  Drone  
  55  16:28  Roach  
  57  16:39  Zergling x2  
  45  16:50  Overseer  
  45  16:51  Infestor  
  47  17:02  Hydralisk  
  49  17:13  Hydralisk  
  51  17:26  Roach  
  53  17:34  Drone  
  50  17:37  Overseer  
  50  17:38  Roach  
  50  17:39  Overlord  
  50  17:42  Drone  
  49  17:49  Drone  
  49  17:50  Roach  
  49  17:56  Drone  
  50  18:03  Drone  
  51  18:11  Drone  
  52  18:18  Drone  
  53  18:25  Drone  
  54  18:32  Drone  
  55  18:39  Drone  
  56  18:46  Drone  
  57  20:17  Zergling x2, Overlord  
  58  20:23  Spire  
  58  20:25  Zergling x2  
  57  20:32  Drone  
  57  20:33  Zergling x2  
  53  20:41  Zergling x2  
  48  21:09  Zergling x2  
  43  21:14  Drone  
  43  21:17  Zergling x2  
  44  21:24  Zergling x2  
  46  21:32  Zergling x2  
  46  21:40  Mutalisk  
  48  21:48  Mutalisk  
  50  21:55  Mutalisk  
  52  22:03  Mutalisk  
  54  22:32  Hydralisk  
  56  23:56  Hive, Corruptor  
  44  24:19  Overseer  
  44  24:20  Zergling x2  
  35  24:25  Drone  
  20  24:32  Drone  
  21  24:39  Drone  
  22  24:46  Drone  
  22  24:48  Hydralisk  
  25  24:53  Drone  
  25  25:01  Drone  
  26  25:08  Drone  
  26  25:09  Greater Spire  
  27  25:15  Drone  
  27  25:18  Roach  
  30  25:43  Drone  
  30  25:47  Hydralisk  
  30  25:54  Drone  
  21  25:57  Overseer  
  21  26:02  Drone  
  16  26:09  Drone  
  16  26:10  Corruptor  
  19  26:16  Drone  
  20  26:23  Drone  
  19  26:30  Drone  
  20  26:38  Drone  
  20  26:39  Roach  
  23  26:41  Overlord  
  23  26:42  Overseer  
  23  26:45  Drone  
  24  27:01  Overlord  
  24  27:02  Corruptor, Brood Lord  
  28  27:08  Overseer  
  28  27:19  Drone, Overseer, Overlord  
  29  27:30  Drone  
  29  27:32  Zergling x2  
  30  27:38  Drone, Overlord  
  31  27:44  Overseer  
  31  27:57  Overlord  
  31  28:00  Mutalisk  
  33  28:12  Overseer  
  29  28:14  Queen  
  29  28:17  Overlord  
  28  28:21  Drone  
  17  28:28  Drone  
  17  28:29  Ultralisk Cavern  
  17  28:30  Overseer, Roach  
  16  28:38  Overlord  
  8  28:42  Drone  
  5  28:53  Drone  
  6  28:56  Overseer  
  6  28:57  Queen  
  6  29:03  Hydralisk  
  7  29:14  Overlord  
  4  29:26  Drone  
  5  29:36  Overlord  
  5  29:47  Drone  
  6  29:57  Hydralisk  
  8  30:04  Drone, Overlord  
  9  30:22  Ultralisk, Overlord  
  15  30:40  Overseer  
  15  30:45  Ultralisk  
  21  31:12  Zergling x2  
  21  31:14  Overlord  
  21  31:15  Drone  
  21  31:17  Drone x2  
  25  31:21  Overlord  
  25  31:41  Hydralisk, Overlord  
  27  31:56  Overseer  
  27  31:59  Overlord  
  27  32:10  Zergling x2  
  28  32:16  Overseer  
  28  32:39  Roach  
  30  32:50  Overseer  
  29  33:09  Hatchery  
  28  33:18  Hydralisk  
  18  33:20  Overlord  
  12  33:42  Ultralisk  
  12  33:45  Overseer, Overlord  
  14  33:56  Drone  
  14  34:05  Ultralisk  
  20  34:20  Drone  
  20  34:27  Drone  
  21  34:34  Drone  
  22  34:42  Drone  
  23  34:50  Drone  
  23  34:57  Drone  
  23  34:58  Zergling x2  
  22  35:05  Drone  
  22  35:06  Queen  
  23  35:12  Drone  
  22  35:19  Drone  
  23  35:26  Drone  
  23  35:33  Drone  
Tags
 
League
Platinum
Matchup
ZvZ
Race
Zerg
Replay Pack
Multiplayer
Spawn Locations
Cross Positions
Add a new tag
Caveats
  • Supply blocks, unpowered buildings, or Contaminate may cause inaccurate times.
  • Supply counts are checked every 10 seconds.